 Dungeon Crawl Stone Soup version 0.29.1-4-g47bece8355 (webtiles) character file.

Game seed: 5072833512937072111

1523 Marinxar the Trooper (level 8, -3/59 (74) HPs)
             Began as a Hill Orc Fighter on Dec 4, 2022.
             Was a Believer of Beogh.
             Slain by a wight
             ... wielding a +3 trident
              (5 damage)
             ... on level 6 of the Dungeon.
             The game lasted 00:27:46 (6004 turns).

Marinxar the Trooper (Hill Orc Fighter)             Turns: 6004, Time: 00:27:46

HP:   -3/59 (74)    AC: 11    Str: 25    XL:     8   Next: 84%
MP:   2/2           EV:  8    Int:  8    God:    Beogh [**....]
Gold: 240           SH:  4    Dex:  8    Spells: 7/7 levels left

rFire   . . .      SeeInvis .   x - +6 mace of Vodka {antimagic, rPois Str+4 Dex-2 Stlth+}
rCold   . . .      Faith    .   c - +0 buckler
rNeg    . . .      Spirit   .   e - +0 chain mail
rPois   +          Reflect  .   g - +0 helmet
rElec   .          Harm     .   (no cloak)
rCorr   .          Rampage  .   (no gloves)
Will    .....                   (no boots)
Stlth   ..........              (no amulet)
HPRegen 0.19/turn               (no ring)
MPRegen 0.08/turn               (no ring)

@: heavily drained
A: no striking features
a: Renounce Religion, Smiting


You were on level 6 of the Dungeon.
You worshipped Beogh.
Beogh was pleased with you.
You visited 1 branch of the dungeon, and saw 6 of its levels.

You collected 240 gold pieces.

Inventory:

Hand Weapons
 a - a +1 war axe
 m - a +0 spear of flaming
 x - the +6 mace of Vodka (weapon) {antimagic, rPois Str+4 Dex-2 Stlth+}
   (You found it on level 5 of the Dungeon)

   It reduces the magical energy of the wielder, and disrupts the spells and
   magical abilities of those it strikes.
   Natural abilities and divine invocations are not affected.
   Str:       It affects your strength (+4).
   Dex:       It affects your dexterity (-2).
   rPois:     It protects you from poison.
   Stlth:     It makes you more stealthy.
Missiles
 f - 2 boomerangs of dispersal (quivered)
 v - 3 atropa-tipped darts
Armour
 c - a +0 buckler (worn)
 e - a +0 chain mail (worn)
 g - a +0 helmet (worn)
Wands
 l - a wand of iceblast (7)
 w - a wand of mindburst (13)
Scrolls
 p - 2 scrolls of enchant weapon
 r - a scroll of enchant armour {unknown}
 s - 3 scrolls of vulnerability
 t - a scroll of summoning {unknown}
 u - 2 scrolls of teleportation
 y - a scroll of amnesia {unknown}
Potions
 b - 3 potions of heal wounds {unknown}
 d - 2 potions of might
 h - a potion of invisibility {unknown}
 i - 2 potions of attraction {unknown}
 j - 2 potions of curing {unknown}
 k - a potion of mutation {unknown}
 n - a potion of magic {unknown}
 o - a potion of flight {unknown}
 q - a potion of lignification {unknown}


   Skills:
 * Level 7.9 Fighting
 + Level 6.0 Axes
 + Level 5.5 Armour
 + Level 3.1 Dodging
 + Level 5.5 Shields
 + Level 3.4 Evocations


You had 7 spell levels left.
You didn't know any spells.
Your spell library contained the following spells:

 Spells                   Type           Power      Damage    Failure   Level
 Foxfire                  Conj/Fire      0%         2x1d4     98%         1
 Freeze                   Ice            0%         1d3       98%         1
 Necrotise                Necr           0%         1d4       98%         1
 Conjure Flame            Conj/Fire      0%         6-21      100%        3
 Frozen Ramparts          Ice            0%         1d1       100%        3
 Inner Flame              Hex/Fire       0%         N/A       100%        3
 Vampiric Draining        Necr           0%         2d6       100%        3
 Animate Dead             Necr           0%         N/A       100%        4
 Flame Wave               Conj/Fire      0%         2d4       100%        4
 Hailstorm                Conj/Ice       0%         3d3       100%        4
 Agony                    Necr           0%         N/A       100%        5
 Fireball                 Conj/Fire      0%         3d3       100%        5
 Starburst                Conj/Fire      0%         6d3       100%        6
 Haunt                    Necr/Summ      0%         N/A       100%        7
 Ignition                 Fire           0%         3d3       100%        8
 Infestation              Necr           0%         N/A       100%        8


Dungeon Overview and Level Annotations

Branches:
Dungeon (6/15)
 Temple: D:4-7

Altars:
Trog
The Shining One

Shops:
D:3 [[[?


Message History

You completely miss the wight.
The wight is moderately damaged.
The wight hits you with a +3 scimitar.
You feel drained. You block the wight's attack.
You hit the wight but do no damage.
The wight is lightly damaged.
The wight hits you but does no damage. x2
You sock the wight!
The wight is severely damaged.
The wight barely misses you. The wight hits you with a +3 scimitar.
You hit the wight but do no damage.
The wight is severely damaged.
You block the wight's attack. The wight barely misses you.
The wight hits you but does no damage. The wight closely misses you. x2
The wight hits you with a +3 scimitar! The wight hits you with a +3 trident.
You feel drained. The wight hits you with a +0 spear.
The wight attacks as you move away! The wight hits you with a +3 trident.
You feel drained. The wight attacks as you move away!
The wight hits you with a +0 spear.
You feel drained. The wight completely misses you.
The wight hits you from afar with a +3 trident.
The wight hits you with a +3 scimitar.
You feel drained.
You hit the wight.
The wight is almost destroyed.
The wight hits you from afar with a +3 trident.
You feel drained.
The wight throws a stone.
The stone hits you but does no damage. The wight hits you with a +3 scimitar!
You hit the wight but do no damage.
The wight is almost destroyed.
The wight barely misses you.
The wight throws a stone.
The stone hits you. The wight hits you with a +3 scimitar.
* * * LOW HITPOINT WARNING * * *
You feel drained.
* * * LOW HITPOINT WARNING * * *
You completely miss the wight.
The wight is almost destroyed.
The wight hits you from afar with a +3 trident!
* * * LOW HITPOINT WARNING * * *
You feel drained.
You die...

....#######..########.#
....#######..).........
.............########.#
.............#
.........#.###
.##+##......### .#
#..#.#....# .#
...##.#....##########.
###..#
#.#......@.z...... #..
#.#####..z#z....#. #.#
.# #...+.......
#...####.... #...# .#.
#...# # #####


You could see 3 wights.

Vanquished Creatures
  Menkaure (D:4)
  A black bear (D:5)
  An ogre (D:5)
  An ice beast (D:5)
  2 centaurs
  A phantom (D:5)
  4 scorpions
  5 hounds
  An orc priest (D:5)
  An orc wizard (D:5)
  3 iguanas
  14 gnolls
  14 adders
  A shadow imp (D:5)
  An ufetubus (D:5)
  3 worms
  3 dart slugs
  11 orcs
  8 ball pythons
  5 bats
  6 endoplasms
  4 giant cockroaches
  10 goblins
  10 hobgoblins
  6 jackals (D:3)
  5 kobolds
  A quokka (D:5)
  4 frilled lizards
  A rat (D:1)
128 creatures vanquished.

Vanquished Creatures (others)
  3 plants (D:6)
3 creatures vanquished.

Grand Total: 131 creatures vanquished

Notes
Turn   | Place    | Note
-------+----------+-------------------------------------------
     0 | D:1      | Marinxar the Hill Orc Fighter began the quest for the Orb.
     0 | D:1      | Reached XP level 1. HP: 19/19 MP: 1/1
   358 | D:1      | Reached XP level 2. HP: 27/27 MP: 2/2
   457 | D:1      | Reached skill level 4 in Fighting
   933 | D:2      | Reached XP level 3. HP: 31/33 MP: 3/3
  1137 | D:2      | Reached XP level 4. HP: 40/41 MP: 4/4
  1138 | D:2      | Reached skill level 1 in Dodging
  1884 | D:3      | Found a faded altar of an unknown god.
  1967 | D:3      | Found Zerch's Armour Shop.
  1974 | D:3      | Found Azxogg's Antique Armour Shop.
  2027 | D:3      | Reached XP level 5. HP: 45/47 MP: 5/5
  2100 | D:3      | Found Uthriytyo's Magic Scroll Shoppe.
  2187 | D:3      | Reached skill level 5 in Fighting
  2498 | D:3      | Found Xaulal's Armour Emporium.
  2547 | D:3      | Became a worshipper of Beogh the Brigand
  2796 | D:4      | Noticed Menkaure
  2808 | D:4      | Killed Menkaure
  2809 | D:4      | Reached skill level 1 in Evocations
  2809 | D:4      | Reached XP level 6. HP: 10/56 MP: 6/6
  3236 | D:4      | Found a glowing golden altar of the Shining One.
  3580 | D:5      | Entered Level 5 of the Dungeon
  3703 | D:5      | Reached XP level 7. HP: 44/62 MP: 7/7
  3806 | D:5      | Reached skill level 6 in Fighting
  3851 | D:5      | Reached * piety under Beogh
  4742 | D:5      | Reached skill level 5 in Axes
  4927 | D:5      | Reached skill level 5 in Armour
  4927 | D:5      | Reached XP level 8. HP: 59/71 MP: 8/8
  5059 | D:5      | Reached skill level 7 in Fighting
  5059 | D:5      | Reached skill level 5 in Shields
  5350 | D:5      | Identified the +6 mace of Vodka {antimagic, rPois Str+4
                  | Dex-2 Stlth+}
  5902 | D:6      | Found a bloodstained altar of Trog.
  5921 | D:6      | Reached ** piety under Beogh
  6004 | D:6      | HP: 2/61 [wight/+3 trident (12)]
  6004 | D:6      | Slain by a wight

Illustrated notes

Levels and vault maps discovered:
D:1:      minmay_arrival_shoal_huts, layout_loops_ring,
          hangedman_abyss_or_decor_lesser_grid, serial_park_tiny_pond
D:2:      layout_basic
D:3:      layout_loops_cross, shapermc_ecumenical_altar_notcrosses,
          serial_shops, nicolae_shop_trees, shop, shop, shop_coins
D:4:      layout_rooms, tso_metal_star, eino_tiny_chamber, uniq_menkaure
D:5:      minmay_octagon_keep, layout_cave_pods
D:6:      minmay_general_purpose_star, layout_basic,
          mainiacjoe_overflow_chevrons, minmay_temple_entry_from_below_b,
          uniq_eustachio

Skill      XL: |  1  2  3  4  5  6  7  8 |
---------------+-------------------------+-----
Fighting       | 4 5 6 7 |  7.9
Axes           | 3 4 5 6 |  6.0
Dodging        | 1 2 3 |  3.1
Armour         | 4 5 |  5.5
Shields        | 4 5 |  5.5
Evocations     | 1 2 3 |  3.4

Action                   |  1- 3 |  4- 6 |  7- 9 || total
-------------------------+-------+-------+-------++-------
Melee: War axe           |    68 |   166 |   174 ||   408
       Mace              |       |       |    54 ||    54
Invok: Convert to Beogh  |       |     1 |       ||     1
  Use: Scroll            |     1 |     5 |       ||     6
Armor: Scale mail        |    14 |       |       ||    14
       Chain mail        |     8 |   126 |   125 ||   259
Dodge: Dodged            |    24 |    68 |    96 ||   188
Block: Buckler           |    15 |    47 |    63 ||   125
